 Dungeon Crawl Stone Soup version 0.14-a0-1974-gdb6e453 (webtiles) character file.

185 M4edhros the Chiller (level 4, -5/27 HPs)
             Began as an Octopode Ice Elementalist on Jan 17, 2014.
             Slain by a killer bee (9 damage)
             ... on Level 3 of the Dungeon.
             The game lasted 00:05:30 (1833 turns).

M4edhros the Chiller (Octopode Ice Elementalist)    Turns: 1833, Time: 00:05:30

HP  -5/27        AC  1     Str  7      XL: 4   Next: 28%
MP   3/9         EV 12     Int 15 (18) God:
Gold 111         SH  0     Dex 12      Spells:  1 memorised,  8 levels left

rFire  . . .     SeeInvis .     (no weapon)
rCold  + . .     Clarity  .     (no shield)
rNeg   . . .     Conserve .     (helmet restricted)
rPois  .         rCorr    .     (no amulet)
rElec  .         rRot     .     i - ring of protection from cold {unknown}
SustAb . .       Spirit   .     (no ring)
rMut   .         Warding  .     (no ring)
Saprov . . .     Stasis   .     (no ring)
MR     .....                    (no ring)
                                (no ring)
                                (no ring)
                                (no ring)

@: not resistant to hostile enchantments, quite stealthy
A: almost no armour, amphibious, 8 rings, constrict 8, camouflage 1, gelatinous
body 1
a: no special abilities


You were on level 3 of the Dungeon.
You were hungry.

You visited 1 branch of the dungeon, and saw 3 of its levels.

You collected 111 gold pieces.

Inventory:

Missiles
 h - 5 javelins (quivered)
Magical devices
 e - a wand of polymorph (4)
Comestibles
 c - a bread ration
 j - a meat ration
Scrolls
 a - 2 scrolls of teleportation {unknown}
 d - a scroll of remove curse {unknown}
 f - a scroll of identify {unknown}
 g - a scroll of enchant armour {unknown}
 k - a scroll of fog {unknown}
Jewellery
 i - a ring of protection from cold (left tentacle) {unknown}
Books
 b - a book of Frost

   Spells                             Type                      Level
   *Freeze                            Ice                          1
   Throw Frost                        Conjuration/Ice              2
   Ozocubu's Armour                   Charms/Ice                   3
   Throw Icicle                       Conjuration/Ice              4
   Summon Ice Beast                   Ice/Summoning                4
   Condensation Shield                Ice                          4


   Skills:
 - Level 2.0 Dodging
 - Level 2.6 Stealth
 * Level 3.3 Spellcasting
   Level 1.0 Conjurations
 + Level 3.9 Ice Magic


You had 8 spell levels left.
You knew the following spells:

 Your Spells              Type           Power        Failure   Level  Hunger
a - Freeze                Ice            ##..         4%          1    None


Dungeon Overview and Level Annotations

Branches:
Dungeon (3/16)

Altars:


Innate Abilities, Weirdness & Mutations

You cannot wear most types of armour.
You are amphibious.
You can wear up to eight rings at the same time.
You can use your tentacles to constrict many enemies at once.
Your skin changes colour to match your surroundings (Stlth).
Your rubbery body absorbs attacks (AC +1).


Message History

Okay, then.
Casting: Freeze
Confirm with . or Enter, or press ? or * to list all spells.
Aiming: Freeze
Press: ? - help, Shift-Dir - straight line, f/p - killer bee
Aim: a killer bee (moderately wounded)
You freeze the killer bee.
The killer bee is heavily wounded.
The killer bee closely misses you. The killer bee barely misses you.
The orc priest's eyes start to glow.
Unknown command.
Casting: Freeze
Confirm with . or Enter, or press ? or * to list all spells.
Aiming: Freeze
Press: ? - help, Shift-Dir - straight line, f/p - killer bee
Aim: a killer bee (heavily wounded)
You freeze the killer bee.
The killer bee is heavily wounded.
The killer bee stings you!
You die...

#.##.# #.#.##.#.# #.##.#
####.#).....# ###.##.#
#...........#
.......######.........#
.................#.#..#.
.##.##.####.#.####......
.#........#.#.#...#...##
...##..##...#.#.........#
.#.##....<#.#.#.@k.o.....
.#.##.#######.#.###...#..
##.##.........%.........
#.##########.#.####....
#.# #.!.# ##.# ##### ...#
####


You could see a killer bee and an orc priest.

Vanquished Creatures
  Jessica (D:2)
  2 adders (D:2)
  4 giant geckos
  An orc (D:3)
  8 hobgoblins
  6 bats
  2 giant newts (D:1)
  4 goblins
  5 kobolds (D:1)
  5 rats
38 creatures vanquished.

Notes
Turn   | Place    | Note
--------------------------------------------------------------
     0 | D:1      | M4edhros, the Octopode Ice Elementalist, began the quest for the Orb.
     0 | D:1      | Reached XP level 1. HP: 11/11 MP: 3/3
   232 | D:1      | Reached XP level 2. HP: 4/17 MP: 3/5
   760 | D:1      | Upgraded the game from 0.14-a0-1969-g2c76abe to 0.14-a0-1974-gdb6e453
  1192 | D:1      | Reached XP level 3. HP: 21/21 MP: 3/6
  1696 | D:2      | Noticed Jessica
  1700 | D:2      | Killed Jessica
  1700 | D:2      | Reached XP level 4. HP: 19/27 MP: 5/9
  1833 | D:3      | Slain by a killer bee

Action                   |  1- 3 |  4- 6 || total
-------------------------+-------+-------++-------
Melee: Unarmed           |    27 |     2 ||    29
 Cast: Freeze            |    43 |    14 ||    57
Evoke: Wand              |       |     2 ||     2
  Use: Potion            |     2 |       ||     2
 Stab: Sleeping          |     2 |       ||     2
